 Dungeon Crawl Stone Soup version 0.26-a0-651-gb41185065b (webtiles) character file.

Game seed: 18351284273806776887

28 Lanoc the Bolt Thrower (level 3, -1/28 HPs)
             Began as a Formicid Hunter on Oct 17, 2020.
             Was an Initiate of Okawaru.
             Slain by a kobold
             ... wielding a +0 whip
              (4 damage)
             ... on level 3 of the Dungeon.
             The game lasted 00:01:30 (915 turns).

Lanoc the Bolt Thrower (Formicid Hunter)             Turns: 915, Time: 00:01:31

Health: -1/28      AC:  3    Str: 16    XL:     3   Next: 30%
Magic:  3/3        EV:  9    Int: 10    God:    Okawaru [......]
Gold:   34         SH:  7    Dex: 12    Spells: 2/2 levels left

rFire    . . .     SeeInvis +   a - +1 hand crossbow
rCold    . . .     Faith    .   i - +0 kite shield
rNeg     . . .     Spirit   .   c - +0 leather armour
rPois    .         Reflect  .   (helmet unavailable)
rElec    .         Harm     .   (no cloak)
rCorr    .         Rampage  .   (no gloves)
MR       .....                  (no boots)
Stlth    +.........             (no amulet)
HPRegen  0.09/turn              (no ring)
MPRegen  0.08/turn              (no ring)

@: no status effects
A: permanent stasis, dig shafts and tunnels, four strong arms, antennae 3
a: Dig, Shaft Self, Renounce Religion


You were on level 3 of the Dungeon.
You worshipped Okawaru.
Okawaru was noncommittal.
You visited 1 branch of the dungeon, and saw 3 of its levels.

You collected 34 gold pieces.

Inventory:

Hand Weapons
 a - a +1 hand crossbow (weapon)
 b - a +0 short sword
Missiles
 d - 10 bolts (quivered)
Armour
 c - a +0 leather armour (worn)
 i - a +0 kite shield (worn)
Scrolls
 f - a scroll of noise {unknown}
 h - 2 scrolls of remove curse {unknown}
Potions
 e - a potion of degeneration {unknown}
 g - a potion of stabbing {unknown}


   Skills:
 + Level 2.6 Fighting
 * Level 4.4 Crossbows
 + Level 2.1 Dodging
 - Level 1.2 Stealth
 * Level 0.1 Shields
 + Level 0.8 Invocations


You had 2 spell levels left.
You didn't know any spells.
Your spell library was empty.

Dungeon Overview and Level Annotations

Branches:
Dungeon (3/15)

Altars:
Okawaru
Qazlal
Uskayaw


Innate Abilities, Weirdness & Mutations

You cannot be hasted, slowed, berserked, paralysed or teleported.
You can dig through walls and to a lower floor.
Your four strong arms can wield two-handed weapons with a shield.
You have a pair of large antennae on your head. (SInv)


Message History

The kobold hits you but does no damage.
Firing (i - inventory)
d - 13 bolts (quivered)
Press: ? - help, Shift-Dir - straight line, f/p - kobold
Aim: a kobold, wielding a +0 whip, wearing a +0 scale mail and wearing an uncursed ring of flight You shoot a bolt.
The bolt barely misses the kobold.
You block the kobold's attack.
Firing (i - inventory)
d - 12 bolts (quivered)
Press: ? - help, Shift-Dir - straight line, f/p - kobold
Aim: a kobold, wielding a +0 whip, wearing a +0 scale mail and wearing an uncursed ring of flight You shoot a bolt.
The bolt closely misses the kobold.
The kobold hits you with a +0 whip.
* * * LOW HITPOINT WARNING * * *
The kobold barely misses you.
Firing (i - inventory)
d - 11 bolts (quivered)
Press: ? - help, Shift-Dir - straight line, f/p - kobold
Aim: a kobold, wielding a +0 whip, wearing a +0 scale mail and wearing an uncursed ring of flight You shoot a bolt.
The bolt hits the kobold but does no damage.
The kobold hits you with a +0 whip.
You die...

##.########## #..#
#.## #.# ## #.# ..
#.# .# # # #.#
.#.#...
#.#########.......
#........@K.....(.
###########.......
.#..... .# #.## .#
{# .# .# .#


You could see a kobold.

Vanquished Creatures
  A white imp (D:3)
  A dart slug (D:3)
  A worm (D:1)
  A leopard gecko (D:3)
  3 goblins
  3 hobgoblins
  4 bats
  3 rats
17 creatures vanquished.

Notes
Turn   | Place    | Note
-------+----------+-------------------------------------------
     0 | D:1      | Lanoc the Formicid Hunter began the quest for the Orb.
     0 | D:1      | Reached XP level 1. HP: 16/16 MP: 1/1
   121 | D:2      | Found a hide-covered altar of Uskayaw.
   121 | D:2      | Found a stormy altar of Qazlal.
   121 | D:2      | Found an iron altar of Okawaru.
   281 | D:1      | Reached XP level 2. HP: 16/23 MP: 2/2
   401 | D:2      | Became a worshipper of Warmaster Okawaru
   620 | D:3      | Reached XP level 3. HP: 15/28 MP: 3/3
   915 | D:3      | Slain by a kobold

Illustrated notes

Levels and vault maps discovered:
D:1:      sevenhm_arrival_forest_fort_small_3, layout_basic
D:2:      layout_basic, grunt_temple_overflow_magic_moments,
          chequers_temple_overflow_statue_of_worship, marbit_many_paths
D:3:      layout_loops_ring, st_stairs_2

Skill      XL: |  1 |
---------------+----+-----
Dodging        | 2 |  2.1
Fighting       | |  2.6
Crossbows      | |  4.4
Stealth        | |  1.2
Shields        | |  0.1
Invocations    | |  0.8

Action                   || total
-------------------------++-------
Melee: Short sword       ||    47
 Fire: Hand crossbow     ||    18
Armor: Leather armour    ||    24
Dodge: Dodged            ||    50
Block: Kite shield       ||     6

Table legend: (Time is in decaauts)
 A = Elapsed time spent in this place.
 B = Non-inter-level travel time spent in this place.
 C = Inter-level travel time spent in this place.
 D = Time resting spent in this place.
 E = Time spent auto-exploring this place.
 F = Levels seen in this place.
 G = Mean time per level.
                   A        B        C        D        E       F      G
               +--------+--------+--------+--------+--------+-----+--------+
         Total |    924 |    920 |      4 |    213 |    524 |   3 |  308.0 |
       Dungeon |    924 |    920 |      4 |    213 |    524 |   3 |  308.0 |
               +--------+--------+--------+--------+--------+-----+--------+

Top non-repeatable levels by time:
     D:3: 482 daAuts
     D:1: 379 daAuts
     D:2: 63 daAuts
